[Event "December 5 Late 2023"]
[Site "https://www.chess.com"]
[Date "2023.12.05"]
[Round "10"]
[White "Skaric, Djuro"]
[Black "Shapiro, Daniel"]
[Result "0-1"]
[Board "81"]
[TimeControl "180+1"]
[WhiteFideId "934569"]
[BlackFideId "2001780"]
[WhiteElo "2404"]
[BlackElo "2304"]
[WhiteTeam "SRB"]
[BlackTeam "USA"]
[WhiteClock "0:00:46"]
[BlackClock "0:00:06"]

1. g3 c5 2. Bg2 Nc6 3. c4 g6 4. Nc3 Bg7 5. d3 d6 6. e4 Qd7 7. Nge2 b6 8. O-O Bb7 9. f4 e6 10. g4 Nge7 11. Ng3 O-O 12. f5 Bd4+ 13. Kh1 f6 14. Bh6 Rf7 15. fxe6 Qxe6 16. Nd5 Ne5 17. h3 Bxb2 18. Rb1 Bd4 19. Nc7 Qd7 20. Nxa8 Bxa8 21. Qd2 Kh8 22. Rf4 Ng8 23. g5 Nxh6 24. gxh6 Nc6 25. Rbf1 Be5 26. Qf2 Bxf4 27. Qxf4 Qe7 28. h4 Qe5 29. Qg4 Qe8 30. h5 Ne5 31. Qe2 Qe7 32. hxg6 hxg6 33. Bh3 Rh7 34. Kg2 Rxh6 35. Qf2 Kg7 36. d4 cxd4 37. Qxd4 Bc6 38. Rd1 Bd7 39. Bf5 gxf5 40. exf5 Qf8 41. Qxd6 Bc6+ 42. Kg1 Qxd6 43. Rxd6 Nf3+ 44. Kf2 Rh2+ 45. Ke3 Ne5 46. Rd8 Nxc4+ 47. Kd4 Ne5 48. Nf1 Rf2 49. Rd7+ Bxd7 50. Ne3 Bxf5 51. Nd5 Rf4+ 52. Kc3 Re4 53. Nc7 Bg4 54. Nd5 Ng6 55. Kb2 f5 56. Nc3 Re3 57. Nd5 Re2+ 58. Kc3 f4 59. Kd3 f3 60. Nf4 Nxf4+ 61. Kc3 f2 62. Kd4 f1=Q 63. Kc3 Qd1 64. Kb4 Rc2 65. Kb5 Qb1+ 66. Ka6 Rxa2+ 67. Kb7 Rb2 0-1

[Event "December 5 Late 2023"]
[Site "https://www.chess.com"]
[Date "2023.12.05"]
[Round "10"]
[White "Paragua, Megan Althea"]
[Black "Donchenko, Anatoly"]
[Result "0-1"]
[Board "82"]
[TimeControl "180+1"]
[WhiteFideId "30973007"]
[BlackFideId "4106091"]
[WhiteElo "2304"]
[BlackElo "2402"]
[WhiteTeam "USA"]
[BlackTeam "GER"]
[WhiteClock "0:00:00"]
[BlackClock "0:00:29"]

1. d4 d5 2. e3 Nf6 3. Nf3 c5 4. Be2 Bg4 5. O-O e6 6. b3 Nc6 7. Bb2 cxd4 8. Nxd4 Bxe2 9. Qxe2 Be7 10. Nxc6 bxc6 11. Nd2 O-O 12. Nf3 a5 13. Ne5 Qc7 14. c4 a4 15. Qc2 axb3 16. axb3 Qb7 17. Nd3 Rxa1 18. Bxa1 Rb8 19. Rb1 h6 20. Be5 Rc8 21. b4 Ne4 22. f3 Nd6 23. Nc5 Qa7 24. cxd5 cxd5 25. Bd4 Qb8 26. Qc3 Nb5 27. Qd3 Nxd4 28. exd4 Qb6 29. h3 g6 30. Kh1 h5 31. Na4 Qc7 32. Nc5 Qb6 33. Na4 Qc7 34. Nc5 Qg3 35. Kg1 Ra8 36. Qf1 Bd6 37. Qf2 Qh2+ 38. Kf1 Qf4 39. Nd3 Qf5 40. Qc2 Ra3 41. Rb3 Ra1+ 42. Rb1 Rxb1+ 43. Qxb1 Bxb4 44. Qxb4 Qxd3+ 45. Kg1 Kg7 46. Qb6 h4 47. Kh2 Qe3 48. Qc5 Qf4+ 49. Kh1 g5 50. Qb6 Kg6 51. Qc5 Qe3 52. Qb4 Kf5 53. Qb1+ Kf4 54. Qb4 Kg3 0-1

[Event "December 5 Late 2023"]
[Site "https://www.chess.com"]
[Date "2023.12.05"]
[Round "10"]
[White "Teumer, Joerg, Dr."]
[Black "Marcziter, Dmitrii"]
[Result "1-0"]
[Board "83"]
[TimeControl "180+1"]
[WhiteFideId "4643526"]
[BlackFideId "13900765"]
[WhiteElo "2149"]
[BlackElo "2388"]
[WhiteTeam "GER"]
[BlackTeam "GER"]
[WhiteClock "0:00:19"]
[BlackClock "0:00:00"]

1. d4 Nf6 2. Bg5 g6 3. Bxf6 exf6 4. e3 Bg7 5. g3 d5 6. Bg2 O-O 7. Ne2 g5 8. Nd2 h6 9. h4 Bg4 10. c4 c6 11. cxd5 cxd5 12. Qb3 Nc6 13. Qxd5 Qb6 14. Qb3 Qa5 15. Nc3 Nb4 16. O-O gxh4 17. gxh4 Rab8 18. a3 Nc6 19. Qb5 Qc7 20. Nd5 Qd8 21. Nf4 a6 22. Qd5 Qe7 23. Qc5 Qd8 24. Ne4 f5 25. Ng3 Qxh4 26. Nxf5 Qg5 27. Nd6 Rfd8 28. Nxb7 Rxb7 29. Qxc6 Rxb2 30. Qc5 Qh4 31. Rab1 Rbb8 32. Rxb8 Rxb8 33. Qd6 Re8 34. Nd5 Re6 35. Qg3 Qxg3 36. fxg3 Be2 37. Re1 Bc4 38. Nf4 Re8 39. Kf2 1-0

[Event "December 5 Late 2023"]
[Site "https://www.chess.com"]
[Date "2023.12.05"]
[Round "10"]
[White "Vanek, Tomas"]
[Black "Vlassov, Nikolai"]
[Result "0-1"]
[Board "84"]
[TimeControl "180+1"]
[WhiteFideId "313459"]
[BlackFideId "4103360"]
[WhiteElo "2199"]
[BlackElo "2616"]
[WhiteTeam "CZE"]
[BlackTeam "FID"]
[WhiteClock "0:01:15"]
[BlackClock "0:02:20"]

1. e4 Nc6 2. Nc3 Nf6 3. Nf3 d5 4. e5 Ne4 5. d3 Nxc3 6. bxc3 Bg4 7. d4 e6 8. h3 Bxf3 9. Qxf3 Na5 10. Rb1 c5 11. c4 dxc4 12. Bd2 cxd4 13. Rb5 c3 14. Bg5 Qxg5 15. Rxa5 Qd2# 0-1

[Event "December 5 Late 2023"]
[Site "https://www.chess.com"]
[Date "2023.12.05"]
[Round "10"]
[White "Estrada Nieto, Julian"]
[Black "Fernandez Bustamante, Leancy B."]
[Result "1-0"]
[Board "85"]
[TimeControl "180+1"]
[WhiteFideId "5101018"]
[BlackFideId "3523870"]
[WhiteElo "2520"]
[BlackElo "2390"]
[WhiteTeam "ESP"]
[BlackTeam "CUB"]
[WhiteClock "0:01:17"]
[BlackClock "0:00:20"]

1. Nf3 c5 2. e4 a6 3. c3 d5 4. e5 Bg4 5. d4 Nc6 6. Be3 e6 7. Be2 c4 8. O-O Nge7 9. Bg5 h6 10. Bh4 g5 11. Bg3 Nf5 12. h3 Bxf3 13. Bxf3 Be7 14. Nd2 Nh4 15. Bh5 Ng6 16. f4 gxf4 17. Bxf4 Bg5 18. Bxg6 fxg6 19. Qg4 Qe7 20. Bxg5 hxg5 21. Rf6 O-O-O 22. Qxe6+ Qxe6 23. Rxe6 Rhf8 24. Rf1 Rxf1+ 25. Nxf1 Rg8 26. Ne3 Kd7 27. Rd6+ Kc7 28. Nxd5+ Kb8 29. Nf6 Rh8 30. e6 Rh4 31. Rxc6 bxc6 32. e7 1-0

[Event "December 5 Late 2023"]
[Site "https://www.chess.com"]
[Date "2023.12.05"]
[Round "10"]
[White "Dobre, Claudiu-Cristian"]
[Black "Melikhov, Evgeny V."]
[Result "1-0"]
[Board "86"]
[TimeControl "180+1"]
[WhiteFideId "1211854"]
[BlackFideId "4122046"]
[WhiteElo "2485"]
[BlackElo "2365"]
[WhiteTeam "ROU"]
[BlackTeam "GRE"]
[WhiteClock "0:01:32"]
[BlackClock "0:00:13"]

1. d4 Nf6 2. Nf3 d5 3. e3 c5 4. c3 Nc6 5. Nbd2 cxd4 6. exd4 Bg4 7. h3 Bh5 8. Qa4 a6 9. Ne5 Rc8 10. Nxc6 Rxc6 11. Bxa6 Nd7 12. Bb5 Re6+ 13. Kf1 Rf6 14. Nb3 e6 15. Bg5 Bd6 16. Bxd7+ Qxd7 17. Qxd7+ Kxd7 18. Bxf6 gxf6 19. g4 Bg6 20. Ke2 f5 21. f3 f4 22. Nc1 f6 23. h4 h5 24. g5 fxg5 25. hxg5 h4 26. Nd3 h3 27. Rag1 Ke7 28. Rh2 Bf5 29. Rgh1 Rh5 30. Nf2 Rxg5 31. Nxh3 Bxh3 32. Rxh3 Rg2+ 33. Kd3 Rxb2 34. Rh7+ Kf6 35. R1h6+ Kf5 36. Rf7+ Kg5 37. Rxe6 Rf2 38. Rxd6 1-0

[Event "December 5 Late 2023"]
[Site "https://www.chess.com"]
[Date "2023.12.05"]
[Round "10"]
[White "Kotyk, Michael"]
[Black "Nery Junior, Jose Antonio"]
[Result "0-1"]
[Board "87"]
[TimeControl "180+1"]
[WhiteFideId "16214501"]
[BlackFideId "2104822"]
[WhiteElo "2483"]
[BlackElo "2348"]
[WhiteTeam "GER"]
[BlackTeam "BRA"]
[WhiteClock "0:00:04"]
[BlackClock "0:00:31"]

1. Nh3 e5 2. g3 Bc5 3. f4 d6 4. e3 h5 5. Bg2 Bg4 6. Bf3 Bxh3 7. Bxb7 Nd7 8. d4 exd4 9. exd4 Rb8 10. dxc5 Rxb7 11. c6 Rb6 12. cxd7+ Qxd7 13. Nc3 Nf6 14. Nd5 Qe6+ 15. Ne3 O-O 16. Qd4 Ng4 17. f5 Qe7 18. f6 gxf6 19. Bd2 Re8 20. Ke2 c5 21. Qf4 d5 22. Kf3 Nxe3 23. Qxe3 Qd7 24. Qf4 Re4 25. Qh6 Qf5+ 26. Bf4 Bg4+ 27. Kf2 Re2+ 28. Kg1 Qe4 29. h3 Qg2# 0-1

[Event "December 5 Late 2023"]
[Site "https://www.chess.com"]
[Date "2023.12.05"]
[Round "10"]
[White "Ventura Bolet, Maxim"]
[Black "Golubenko, Valentina"]
[Result "1-0"]
[Board "88"]
[TimeControl "180+1"]
[WhiteFideId "22238824"]
[BlackFideId "4501993"]
[WhiteElo "2465"]
[BlackElo "2251"]
[WhiteTeam "ESP"]
[BlackTeam "CRO"]
[WhiteClock "0:00:15"]
[BlackClock "0:00:00"]

1. Nf3 Nf6 2. g3 g6 3. Bg2 Bg7 4. O-O d5 5. d4 O-O 6. c4 c6 7. cxd5 cxd5 8. Ne5 Nc6 9. Nxc6 bxc6 10. Nc3 Bd7 11. Bf4 Rc8 12. Be5 Ng4 13. Bxg7 Kxg7 14. Na4 e5 15. h3 Nh6 16. dxe5 Qe7 17. f4 Nf5 18. Rf3 c5 19. Nc3 d4 20. Nd5 Qe6 21. Ra3 Bc6 22. Nf6 Bxg2 23. Kxg2 Ne3+ 24. Rxe3 dxe3 25. Qd3 Rfd8 26. Qxe3 Rd4 27. Rf1 Rcd8 28. f5 Qc6+ 29. Kh2 Rd1 30. Rf3 R1d2 31. Ne4 Rxb2 32. f6+ Kg8 33. Qh6 Rxe2+ 34. Rf2 Rxf2+ 35. Nxf2 1-0

[Event "December 5 Late 2023"]
[Site "https://www.chess.com"]
[Date "2023.12.05"]
[Round "10"]
[White "Jing, Andrew"]
[Black "Rama, Tejas"]
[Result "0-1"]
[Board "89"]
[TimeControl "180+1"]
[WhiteFideId "30984076"]
[BlackFideId "30907381"]
[WhiteElo "2221"]
[BlackElo "2452"]
[WhiteTeam "USA"]
[BlackTeam "USA"]
[WhiteClock "0:01:11"]
[BlackClock "0:00:05"]

1. d4 Nf6 2. c4 e6 3. Nf3 d5 4. g3 dxc4 5. Bg2 c5 6. O-O Nc6 7. dxc5 Qxd1 8. Rxd1 Bxc5 9. Nbd2 c3 10. bxc3 O-O 11. Nb3 Be7 12. Nfd4 Nxd4 13. cxd4 Nd5 14. Bd2 f5 15. Rab1 b6 16. f3 Bb7 17. Na5 Ba6 18. e4 bxa5 19. exd5 exd5 20. Bxa5 Bc4 21. Rd2 Rab8 22. Rxb8 Rxb8 23. f4 Rb1+ 24. Kf2 Ba3 25. Bc3 Bc1 26. Rc2 Bd3 27. Bxd5+ Kh8 28. Bb3 Bxc2 29. Bxc2 Rb5 30. Bd3 Rd5 31. Bc4 Rd8 32. Ke2 h6 33. d5 Kh7 34. Be5 g5 35. Kd3 Kg6 36. Kc2 Be3 37. Kd3 Bg1 38. Bd4 Bxh2 39. Bxa7 Bxg3 40. fxg5 hxg5 41. Bd4 g4 42. a4 Bc7 43. Ke2 f4 44. Bd3+ Kg5 45. Be4 Re8 46. Kd3 g3 47. Bf3 Kh4 48. a5 Kh3 49. a6 Kh2 50. a7 Bd6 51. Kc4 g2 52. Bxg2 Kxg2 53. Kb5 f3 54. Kc6 Bg3 55. d6 f2 56. d7 Rd8 57. Bb6 f1=Q 58. Bxd8 Qc4+ 59. Kb7 Qb5+ 60. Bb6 Qxd7+ 61. Ka6 Qa4+ 62. Kb7 Qd7+ 63. Ka6 Qc8+ 64. Kb5 Qb7 65. Ka5 Bc7 66. Bxc7 Qxa7+ 67. Kb5 Qxc7 0-1

[Event "December 5 Late 2023"]
[Site "https://www.chess.com"]
[Date "2023.12.05"]
[Round "10"]
[White "Rios Escobar, Adan"]
[Black "De Souza, Cristiano Gomes"]
[Result "0-1"]
[Board "91"]
[TimeControl "180+1"]
[WhiteFideId "3403645"]
[BlackFideId "2151758"]
[WhiteElo "2429"]
[BlackElo "2228"]
[WhiteTeam "CHI"]
[BlackTeam "BRA"]
[WhiteClock "0:00:00"]
[BlackClock "0:00:23"]

1. Nf3 Nf6 2. c4 g6 3. Nc3 Bg7 4. e4 d6 5. d4 O-O 6. Bd3 Bg4 7. Be2 Nc6 8. d5 Bxf3 9. gxf3 Ne5 10. f4 Ned7 11. h4 e6 12. Be3 exd5 13. cxd5 Re8 14. Qc2 a5 15. O-O-O Qe7 16. Bf3 h5 17. Rhg1 Rec8 18. Kb1 c6 19. e5 dxe5 20. d6 Qe8 21. f5 Kh7 22. fxg6+ fxg6 23. Ne4 Rd8 24. Rg5 Kh8 25. Rdg1 Nf8 26. Nxf6 Bxf6 27. Rxg6 Nxg6 28. Rxg6 Bg7 29. Bxh5 Qf8 30. Bg5 Rxd6 31. Rxd6 Qxd6 32. Qf5 Rf8 33. Qg4 Rxf2 34. a3 Qd3+ 35. Ka1 Rf1+ 36. Ka2 Qd5+ 0-1

[Event "December 5 Late 2023"]
[Site "https://www.chess.com"]
[Date "2023.12.05"]
[Round "10"]
[White "JERO-8914"]
[Black "Clawitter, Craig"]
[Result "0-1"]
[Board "92"]
[TimeControl "180+1"]
[BlackFideId "2023105"]
[WhiteElo "2371"]
[BlackElo "2220"]
[BlackTeam "USA"]
[WhiteClock "0:00:25"]
[BlackClock "0:00:10"]

1. e4 e6 2. d4 d5 3. Bd3 dxe4 4. Bxe4 Nf6 5. Bf3 c5 6. Ne2 Nc6 7. Be3 cxd4 8. Nxd4 Ne5 9. O-O Nxf3+ 10. Nxf3 Be7 11. c4 O-O 12. Nc3 Bd7 13. b3 Bc6 14. Ne5 Qc7 15. Nxc6 Qxc6 16. Qc2 Rfd8 17. Rad1 Ng4 18. Bf4 Bd6 19. Bxd6 Rxd6 20. Qe2 h5 21. Ne4 Rxd1 22. Rxd1 Qc7 23. g3 Rd8 24. h3 Rxd1+ 25. Qxd1 Qe5 26. hxg4 Qxe4 27. gxh5 Kh7 28. Qd7 Qe1+ 29. Kg2 Qe4+ 30. Kg1 Qe1+ 31. Kg2 Qe4+ 32. f3 Qe2+ 33. Kh3 Qxf3 34. Qb5 Qh1+ 35. Kg4 f5+ 36. Kf4 Qe4+ 37. Kg5 Qg4# 0-1

[Event "December 5 Late 2023"]
[Site "https://www.chess.com"]
[Date "2023.12.05"]
[Round "10"]
[White "Gutkin, Ilya"]
[Black "Curtis, John"]
[Result "1/2-1/2"]
[Board "93"]
[TimeControl "180+1"]
[WhiteFideId "16203470"]
[BlackFideId "3200256"]
[WhiteElo "2362"]
[BlackElo "2219"]
[WhiteTeam "GER"]
[BlackTeam "AUS"]
[WhiteClock "0:00:01"]
[BlackClock "0:00:17"]

1. e4 e6 2. d4 b6 3. Bd3 Bb7 4. Qe2 c5 5. d5 Nf6 6. c4 e5 7. Nc3 d6 8. Bg5 Be7 9. Bxf6 Bxf6 10. Nf3 O-O 11. h4 Bc8 12. Nd2 Na6 13. g4 Bxh4 14. Nf3 Bg5 15. Nxg5 Qxg5 16. Rh5 Qxg4 17. O-O-O Qxe2 18. Bxe2 Nc7 19. Rdh1 h6 20. Rg1 Kh7 21. Kd2 g6 22. Rh2 Rh8 23. Ke3 Bd7 24. Bd1 Rag8 25. Ne2 f5 26. f4 exf4+ 27. Nxf4 fxe4 28. Rgh1 Kg7 29. Rg1 Bf5 30. Bg4 Kf6 31. Bxf5 Kxf5 32. Rf2 g5 33. Ne6+ Kg6 34. Nxc7 Rf8 35. Rxf8 Rxf8 36. Kxe4 Rf2 37. Nb5 Rxb2 38. Nxd6 Rxa2 39. Nb5 Rd2 40. d6 Kf7 41. Ke5 a6 42. Nc7 Rd4 43. Nd5 Rxc4 44. Rf1+ Ke8 45. Nc7+ Kd7 46. Rf7+ Kc6 47. Ne6 Rc1 48. Rc7+ Kb5 49. d7 Re1+ 50. Kd6 Rd1+ 51. Ke7 c4 52. d8=Q Rxd8 53. Kxd8 Kb4 54. Ke7 b5 55. Kf6 a5 56. Kg6 a4 57. Kxh6 g4 58. Kg5 a3 59. Kxg4 a2 60. Ra7 Kb3 61. Nd4+ Kb2 62. Nxb5 a1=Q 63. Rxa1 Kxa1 64. Kf3 c3 65. Nxc3 1/2-1/2

[Event "December 5 Late 2023"]
[Site "https://www.chess.com"]
[Date "2023.12.05"]
[Round "10"]
[White "Akhayan, Ruben"]
[Black "Floresvillar Gonzalez, Luis Migu"]
[Result "1-0"]
[Board "94"]
[TimeControl "180+1"]
[WhiteFideId "204439"]
[BlackFideId "5100542"]
[WhiteElo "2361"]
[BlackElo "2211"]
[WhiteTeam "BEL"]
[BlackTeam "MEX"]
[WhiteClock "0:00:08"]
[BlackClock "0:00:00"]

1. e4 c6 2. d4 d5 3. exd5 cxd5 4. c4 Nf6 5. Nc3 e6 6. Nf3 Bb4 7. c5 O-O 8. Bd3 Ne4 9. O-O Bxc3 10. bxc3 Nxc3 11. Qc2 Ne4 12. Bxe4 dxe4 13. Qxe4 Nc6 14. Be3 f5 15. Qf4 Bd7 16. h3 Ne7 17. Ne5 Nd5 18. Qf3 Bc6 19. Nxc6 bxc6 20. Rfe1 Re8 21. Rad1 Rb8 22. Bf4 Rb2 23. Be5 Rxa2 24. Qg3 Qd7 25. Rb1 Qf7 26. Rb3 Qg6 27. Qf3 h6 28. Reb1 Kh7 29. Rb7 Rg8 30. Qb3 Re2 31. Qf3 Re4 32. Rxa7 f4 33. Kh2 Rxe5 34. Rbb7 Rg5 35. g4 fxg3+ 36. fxg3 Qc2+ 37. Kh1 Rf5 38. Qg2 Qd1+ 39. Kh2 Ne3 40. Qb2 Nf1+ 41. Kg2 Qf3+ 42. Kg1 Qxg3+ 43. Qg2 Qxg2+ 44. Kxg2 Ne3+ 45. Kg3 Nc2 46. d5 exd5 47. Rc7 d4 48. Rd7 Rxc5 49. Kg4 Rg5+ 50. Kf4 c5 51. h4 Rf8+ 52. Ke4 Rg4+ 53. Kd3 Nb4+ 54. Kc4 d3+ 55. Kb5 1-0

[Event "December 5 Late 2023"]
[Site "https://www.chess.com"]
[Date "2023.12.05"]
[Round "10"]
[White "Khokhlova, Daria"]
[Black "Vila Dupla, Aurelio"]
[Result "1/2-1/2"]
[Board "95"]
[TimeControl "180+1"]
[WhiteFideId "24182729"]
[BlackFideId "2203383"]
[WhiteElo "2350"]
[BlackElo "2208"]
[WhiteTeam "FID"]
[BlackTeam "ESP"]
[WhiteClock "0:00:07"]
[BlackClock "0:00:02"]

1. d4 Nf6 2. c4 g6 3. g3 c6 4. Bg2 d5 5. Nf3 Bg7 6. O-O O-O 7. cxd5 cxd5 8. Nc3 Ne4 9. Qb3 Nxc3 10. bxc3 Nc6 11. Bf4 Na5 12. Qb4 b6 13. Ne5 Ba6 14. Rfe1 Rc8 15. e4 Bb7 16. Rac1 dxe4 17. Bxe4 Bxe4 18. Rxe4 Qd5 19. Re2 e6 20. Rd2 Nc4 21. Nxc4 Rxc4 22. Qe7 Ra4 23. Rcc2 Rc8 24. h4 h5 25. Bg5 Rac4 26. Rd3 R4c7 27. Qb4 e5 28. Rcd2 exd4 29. cxd4 Rc4 30. Qb2 Rc1+ 31. Rd1 Rxd1+ 32. Rxd1 Rc4 33. Be3 Ra4 34. Rd2 b5 35. Qb3 Rc4 36. Rd3 a6 37. Qd1 Ra4 38. Qb3 Rc4 39. Qd1 Kh7 40. f3 Bf8 41. Kf2 Bd6 42. Qd2 Qf5 43. Kg2 Qd5 44. Kf2 Ra4 45. Rb3 Rc4 46. Rd3 1/2-1/2

[Event "December 5 Late 2023"]
[Site "https://www.chess.com"]
[Date "2023.12.05"]
[Round "10"]
[White "Duncan, Chris R"]
[Black "youngdinousaur"]
[Result "0-1"]
[Board "96"]
[TimeControl "180+1"]
[WhiteFideId "403091"]
[WhiteElo "2200"]
[BlackElo "2323"]
[WhiteTeam "ENG"]
[WhiteClock "0:01:28"]
[BlackClock "0:02:13"]

1. e4 c5 2. Nf3 e6 3. d4 cxd4 4. Nxd4 Nf6 5. Nc3 Nc6 6. Bg5 Bb4 7. Be2 Qa5 8. Bxf6 Bxc3+ 9. bxc3 Qxc3+ 10. Kf1 gxf6 11. Nb5 Qe5 12. c4 a6 13. Nd6+ Ke7 14. c5 Qxc5 15. Nc4 b5 16. Ne3 Qd4 17. Qc2 Qxa1+ 0-1

[Event "December 5 Late 2023"]
[Site "https://www.chess.com"]
[Date "2023.12.05"]
[Round "10"]
[White "Cooper, Aaron"]
[Black "Keller, Peter"]
[Result "0-1"]
[Board "97"]
[TimeControl "180+1"]
[WhiteFideId "2634945"]
[BlackFideId "1272105"]
[WhiteElo "2305"]
[BlackElo "2183"]
[WhiteTeam "CAN"]
[BlackTeam "GER"]
[WhiteClock "0:00:00"]
[BlackClock "0:00:05"]

1. d4 d5 2. Bf4 Bf5 3. e3 c6 4. Nf3 e6 5. Bd3 Bg6 6. O-O Bd6 7. Re1 Nf6 8. Bg5 Nbd7 9. c4 Bxd3 10. Qxd3 h6 11. Bh4 g5 12. Bg3 Bxg3 13. hxg3 Ne4 14. Nc3 f5 15. Nd2 Ndf6 16. g4 Nxg4 17. f3 Nxd2 18. Qxd2 Nf6 19. cxd5 exd5 20. Qd3 Qd7 21. Rac1 O-O 22. Na4 Rae8 23. Nc5 Qc8 24. b4 Re7 25. a4 a6 26. a5 Ne8 27. Re2 Nd6 28. Rce1 Rfe8 29. e4 dxe4 30. fxe4 fxe4 31. Nxe4 Nxe4 32. Rxe4 Rxe4 33. Rxe4 Kg7 34. Re5 Qd8 35. Qe3 Rxe5 36. Qxe5+ Qf6 37. Qc7+ Qf7 38. Qe5+ Kg8 39. Qb8+ Kh7 40. Qe5 Qg7 41. Qe4+ Kh8 42. d5 cxd5 43. Qxd5 g4 44. Qd8+ Kh7 45. Qd3+ Kg8 46. Qe4 g3 47. Kf1 Qf7+ 48. Ke2 Kf8 49. Qf3 h5 50. Qe4 Qe7 0-1

[Event "December 5 Late 2023"]
[Site "https://www.chess.com"]
[Date "2023.12.05"]
[Round "10"]
[White "Estevez Polanco, Leonardo Rafael"]
[Black "Rose, Felix"]
[Result "1/2-1/2"]
[Board "98"]
[TimeControl "180+1"]
[WhiteFideId "6402798"]
[BlackFideId "5105722"]
[WhiteElo "2160"]
[BlackElo "2304"]
[WhiteTeam "DOM"]
[BlackTeam "MEX"]
[WhiteClock "0:00:35"]
[BlackClock "0:00:39"]

1. e4 e5 2. Nf3 Nc6 3. Bc4 Nf6 4. Ng5 d5 5. exd5 Na5 6. Bb5+ c6 7. dxc6 bxc6 8. Bd3 Nd5 9. Ne4 f5 10. Nec3 Bd6 11. O-O Nf4 12. Be2 O-O 13. d3 Rb8 14. Bxf4 exf4 15. Nd2 Be5 16. Nb3 Nb7 17. Bf3 Qf6 18. d4 Bc7 19. Qe2 Bd7 20. Rad1 Nd6 21. d5 Rbe8 22. Qd2 Ne4 23. Qd4 Be5 24. Qc4 Nxc3 25. bxc3 cxd5 26. Bxd5+ Kh8 27. Bf3 Bc8 28. Qc6 Bxc3 29. Qxf6 Bxf6 30. Rd6 g5 31. Rfd1 g4 32. Bc6 Rd8 33. Rxd8 Rxd8 34. Rxd8+ Bxd8 35. Kf1 Bb6 36. Ke2 Kg7 37. c3 Kf6 38. Nd4 a5 39. f3 Ba6+ 40. Kd2 g3 41. hxg3 fxg3 42. Bb5 Bxd4 43. Bxa6 Bc5 44. Kd3 h5 45. Kc4 Bf2 46. Kd5 h4 47. Bf1 f4 48. c4 Ke7 49. c5 Kd7 50. c6+ Kc7 51. Ke5 Be3 52. Kd5 Bc1 53. a4 Be3 54. Ke4 Kxc6 55. Kf5 Kc5 56. Kg4 Kb4 57. Bb5 Kc3 58. Kxh4 Kd2 59. Kh3 Ke1 60. Bc6 Kf2 61. Bd7 Bd2 62. Be8 Ke3 63. Bb5 Kd4 64. Bc6 Be3 65. Bd7 Kc5 66. Be8 Kb6 67. Bb5 Kc7 68. Kg4 Kd8 69. Kh3 Ke7 70. Kh4 Kf6 71. Kg4 Ke5 72. Kh3 Kd4 73. Kg4 Kc3 74. Kh4 Kb4 75. Kh3 Ka3 76. Be8 Kb2 77. Bd7 Kb1 78. Be8 Kc1 79. Bd7 Kc2 80. Be8 Kc3 81. Bd7 Kc4 82. Be8 Kd5 83. Bd7 Kd6 84. Be8 Kc7 85. Bb5 Kd8 86. Kg4 Bc1 87. Kh4 Kc7 88. Kh3 Kd6 89. Kg4 Kc5 90. Kh4 Kb4 91. Kg4 Kc3 92. Kh3 Kc2 93. Kg4 Kd1 94. Kh3 Ke1 95. Bc6 Kf1 96. Bd7 Kg1 97. Be8 Kh1 98. Bd7 Be3 99. Bc6 Kg1 100. Bb5 Kf2 101. Bc6 Ke1 102. Bd7 Bc1 103. Be8 Kd2 104. Bd7 Kc3 105. Be8 Kb4 106. Bd7 Kc4 107. Be8 Kd5 108. Bb5 1/2-1/2

[Event "December 5 Late 2023"]
[Site "https://www.chess.com"]
[Date "2023.12.05"]
[Round "10"]
[White "Joubert, Dantelle"]
[Black "Biliy, Vadim"]
[Result "0-1"]
[Board "99"]
[TimeControl "180+1"]
[WhiteFideId "14310813"]
[BlackFideId "14114127"]
[WhiteElo "2155"]
[BlackElo "2292"]
[WhiteTeam "RSA"]
[BlackTeam "UKR"]
[WhiteClock "0:00:10"]
[BlackClock "0:00:25"]

1. d4 c5 2. d5 f5 3. c4 Nf6 4. Nc3 g6 5. g3 Bg7 6. Bg2 O-O 7. Nf3 Ne4 8. Nxe4 fxe4 9. Ng5 b5 10. Qc2 bxc4 11. Qxc4 Ba6 12. Qxe4 Bb7 13. h4 Rf5 14. Qd3 Qb6 15. e4 Qb4+ 16. Bd2 Qxb2 17. Rb1 Ba6 18. Rxb2 Bxd3 19. exf5 Bxb2 20. d6 Nc6 21. Bd5+ Kg7 22. dxe7 Re8 23. fxg6 Rxe7+ 24. Be3 hxg6 25. h5 c4 26. h6+ Kh8 27. Kd2 Nb4 28. Nf7+ Kh7 29. Ng5+ Kh8 30. Nf7+ Rxf7 31. Bxf7 c3+ 32. Kd1 c2+ 33. Kd2 Kh7 34. Bb3 c1=Q+ 35. Rxc1 Bxc1+ 36. Kxc1 a5 37. Kd2 Bb1 38. a3 Nc6 39. Bc2 Bxc2 40. Kxc2 Ne5 41. Kc3 Ng4 42. Kc4 Nxe3+ 43. fxe3 Kxh6 44. Kd5 Kg5 45. e4 Kg4 46. e5 Kxg3 47. Kd6 Kf4 48. e6 dxe6 49. Kxe6 g5 50. Kd5 g4 51. Kc5 g3 52. Kb5 g2 53. Kxa5 g1=Q 54. Kb5 Qa7 55. a4 Ke5 56. a5 Kd6 57. a6 Kc7 0-1

[Event "December 5 Late 2023"]
[Site "https://www.chess.com"]
[Date "2023.12.05"]
[Round "10"]
[White "Korol, Dimitry"]
[Black "Jesusesmifuerza"]
[Result "1-0"]
[Board "100"]
[TimeControl "180+1"]
[WhiteFideId "14108003"]
[WhiteElo "2287"]
[BlackElo "2143"]
[WhiteTeam "UKR"]
[WhiteClock "0:00:08"]
[BlackClock "0:00:00"]

1. d4 d5 2. c4 c6 3. Nc3 Nf6 4. e3 e6 5. Nf3 Bd6 6. Bd3 O-O 7. O-O b6 8. e4 dxe4 9. Nxe4 Nxe4 10. Bxe4 h6 11. Bc2 Nd7 12. Qd3 Nf6 13. b3 c5 14. Bb2 cxd4 15. Bxd4 Be7 16. Ne5 Bb7 17. Ng4 Re8 18. Rad1 e5 19. Nxf6+ Bxf6 20. Qh7+ Kf8 21. Bxe5 Rxe5 22. Rxd8+ Rxd8 23. Bb1 Re2 24. Qf5 Red2 25. h3 Bc8 26. Qf4 Bb7 27. Qc7 R8d7 28. Qb8+ Ke7 29. Re1+ Be5 30. Qxe5+ Kd8 31. Qxg7 Kc7 32. Bf5 1-0

[Event "December 5 Late 2023"]
[Site "https://www.chess.com"]
[Date "2023.12.05"]
[Round "10"]
[White "Kujawski, Adam"]
[Black "Mangialardo, Tiago Carvalho"]
[Result "1-0"]
[Board "101"]
[TimeControl "180+1"]
[WhiteFideId "1100920"]
[BlackFideId "2130718"]
[WhiteElo "2281"]
[BlackElo "2113"]
[WhiteTeam "POL"]
[BlackTeam "BRA"]
[WhiteClock "0:00:23"]
[BlackClock "0:00:00"]

1. Nf3 Nf6 2. c4 g6 3. b3 Bg7 4. Bb2 O-O 5. g3 c5 6. Bg2 Nc6 7. O-O d5 8. cxd5 Nxd5 9. Bxg7 Kxg7 10. Nc3 Nxc3 11. dxc3 Bf5 12. Qe1 Qa5 13. e4 Be6 14. Ng5 Rad8 15. Nxe6+ fxe6 16. e5 Rd3 17. Bxc6 bxc6 18. Qe4 Qxc3 19. Qxc6 Qxe5 20. Rae1 Qd4 21. Qxe6 Rf7 22. Qe5+ Kh6 23. Re4 Qxe5 24. Rxe5 Rd2 25. Rxc5 Rxa2 26. f4 Rb2 27. Rc3 Rf6 28. Rf2 Rxf2 29. Kxf2 1-0

[Event "December 5 Late 2023"]
[Site "https://www.chess.com"]
[Date "2023.12.05"]
[Round "10"]
[White "Chlpik, Martin"]
[Black "Dmitriev, Sergey"]
[Result "1-0"]
[Board "102"]
[TimeControl "180+1"]
[WhiteFideId "14923351"]
[BlackFideId "14101785"]
[WhiteElo "2262"]
[BlackElo "2005"]
[WhiteTeam "SVK"]
[BlackTeam "UKR"]
[WhiteClock "0:01:22"]
[BlackClock "0:01:05"]

1. d4 d6 2. c4 g6 3. Nc3 Bg7 4. e4 Nf6 5. Be2 O-O 6. Be3 Nc6 7. g4 e5 8. g5 Nd7 9. Nf3 f5 10. d5 Ne7 11. h4 f4 12. Bd2 c6 13. Qc2 cxd5 14. cxd5 Nc5 15. O-O-O Bg4 16. Kb1 Bh5 17. Nh2 Bxe2 18. Nxe2 b5 19. Ng4 a5 20. h5 b4 21. hxg6 hxg6 22. Nh6+ Bxh6 23. Rxh6 Kg7 24. Rdh1 Qd7 25. Rh7+ Kg8 26. Qd1 Qg4 27. Rxe7 Rf7 28. Rxf7 Kxf7 29. Rh7+ Kg8 30. Qh1 Qxe2 31. Rh8+ Kf7 32. Qh7# 1-0

[Event "December 5 Late 2023"]
[Site "https://www.chess.com"]
[Date "2023.12.05"]
[Round "10"]
[White "Dilmukhametov, Artur"]
[Black "Ghosh, Chanchal Kumer"]
[Result "0-1"]
[Board "103"]
[TimeControl "180+1"]
[WhiteFideId "24179922"]
[BlackFideId "10201858"]
[WhiteElo "2442"]
[BlackElo "2108"]
[WhiteTeam "RUS"]
[BlackTeam "BAN"]
[WhiteClock "0:00:01"]
[BlackClock "0:01:04"]

1. e4 c5 2. d4 cxd4 3. c3 dxc3 4. Nxc3 d6 5. Nf3 a6 6. Bc4 e6 7. O-O Nc6 8. Qe2 Nge7 9. Rd1 Qc7 10. Bf4 Ng6 11. Bg3 Be7 12. Rac1 Qb8 13. h4 O-O 14. h5 Nge5 15. Bb3 b5 16. Bc2 Bb7 17. a3 Nxf3+ 18. Qxf3 Ne5 19. Bxe5 dxe5 20. Qg4 h6 21. Rd3 Bg5 22. Re1 Qc7 23. Bb3 Rfd8 24. Rg3 Rd4 25. Bxe6 fxe6 26. Qxe6+ Kh8 27. Nd5 Bxd5 28. exd5 Rd8 29. Rc3 Qd6 30. Qxe5 Qxe5 31. Rxe5 Rd1+ 0-1